 Dungeon Crawl Stone Soup version 0.29.0-4-gdea44cf6ec (webtiles) character file.

Game seed: 15377290715523065078

1292 qw the Cleaver (level 8, -2/76 HPs)
             Began as a Gargoyle Berserker on Sept 4, 2022.
             Was a Believer of Trog.
             Slain by a gnoll sergeant
             ... wielding a +5 spear of freezing
              (10 damage)
             ... on level 6 of the Dungeon.
             The game lasted 00:01:48 (6400 turns).

qw the Cleaver (Gargoyle Berserker)                 Turns: 6400, Time: 00:01:48

Health: -2/76      AC: 16    Str: 22    XL:     8   Next: 56%
Magic:  8/8        EV:  9    Int:  9    God:    Trog [**....]
Gold:   182        SH:  9    Dex:  9    Spells: 7/7 levels left

rFire   + . .      SeeInvis .   Y - +1 war axe
rCold   . . .      Faith    .   b - +0 buckler
rNeg    + . .      Spirit   .   j - +0 scale mail
rPois   inf        Reflect  +   e - +0 helmet
rElec   +          Harm     .   (no cloak)
rCorr   .          Rampage  .   m - +1 pair of gloves
Will    .....                   d - +0 pair of boots
Stlth   ..........              k - amulet of reflection
HPRegen 0.22/turn               h - ring of protection from fire
MPRegen 0.11/turn               (no ring)

@: berserking (expiring), very quick
A: sickness immunity, AC +5, negative energy resistance 1, electricity
resistance, torment resistance 1, petrification resistance
a: Renounce Religion, Berserk, Trog's Hand


You were on level 6 of the Dungeon.
You worshipped Trog.
Trog was pleased with you.
You visited 1 branch of the dungeon, and saw 6 of its levels.

You collected 300 gold pieces.
You spent 118 gold pieces at shops.


Innate Abilities, Weirdness & Mutations

You are immune to sickness and miasma.
Your stone body is resilient. (AC +5)
You are immune to poison.
You resist negative energy. (rN+)
You are resistant to electric shocks. (rElec)
You are resistant to unholy torment.
You are immune to petrification.


   Skills:
 - Level 5.6 Fighting
 - Level 8.1 Axes
 + Level 0.3 Throwing
 - Level 3.1 Armour
 - Level 1.5 Dodging
 - Level 3.0 Shields


You had 7 spell levels left.
You didn't know any spells.
Your spell library was empty.

Inventory:

Hand Weapons
 p - a +0 flail of holy wrath
 Y - a +1 war axe (weapon)
Missiles
 n - a silver boomerang (quivered)
Armour
 b - a +0 buckler (worn)
 d - a +0 pair of boots (worn)
 e - a +0 helmet (worn)
 j - a +0 scale mail (worn)
 m - a +1 pair of gloves (worn)
 o - a +0 chain mail
Jewellery
 h - a ring of protection from fire (left hand)
 k - an amulet of reflection (around neck)
Scrolls
 i - 5 scrolls of identify
 l - a scroll of teleportation
Potions
 a - 2 potions of mutation {unknown}
 c - a potion of cancellation
 f - a potion of might
 g - a potion of resistance

Dungeon Overview and Level Annotations

Branches:
Dungeon (6/15)             Temple (0/1) D:4

Altars:
Dithmenos
Kikubaaqudgha
Ru
Uskayaw
Zin

Shops:
D:4 (

Annotations:
D:3 1 runed translucent door, Crazy Yiuf


Message History

You barely miss the gnoll.
The gnoll is heavily wounded.
You hit the gnoll. You block the gnoll's attack. The gnoll closely misses you.
The gnoll sergeant hits you from afar with a +5 spear of freezing!
The gnoll sergeant freezes you.
The gnoll throws a throwing net.
The throwing net hits you.
You become entangled in the net!
6395 ||| INVOKING Berserk.
A red film seems to cover your vision as you go berserk!
You feel yourself moving faster!
You feel mighty!
The gnoll hits you but does no damage. x2
The gnoll sergeant hits you from afar with a +5 spear of freezing!
The gnoll sergeant freezes you. The gnoll hits you but does no damage.
You tear a large gash into the net.
You feel a strong urge to attack something.
The gnoll hits you with a +0 spear. The gnoll barely misses you.
The gnoll hits you from afar with a +0 spear.
The gnoll hits you but does no damage.
The gnoll sergeant hits you from afar with a +5 spear of freezing.
The gnoll sergeant freezes you.
You shred the net and break free! You closely miss the gnoll.
The gnoll is heavily wounded.
You slash the gnoll!
You kill the gnoll!
Trog accepts your kill.
A gnoll comes into view. It is wielding a +0 flail.
The gnoll hits you with a +0 spear. You block the gnoll's attack.
The gnoll sergeant closely misses you. You block the gnoll's attack.
You barely miss the gnoll.
The gnoll is heavily wounded.
The gnoll shouts!
The gnoll hits you but does no damage. The gnoll barely misses you.
You block the gnoll's attack. The gnoll sergeant misses you.
You slash the gnoll!
You kill the gnoll!
Trog accepts your kill. You block the gnoll's attack.
The gnoll barely misses you.
The gnoll sergeant hits you from afar with a +5 spear of freezing!
You die...

#....# #....## #...
#.....# #...5 #.....##
#..... #......###
####....¤.
#........####.#.....¤¤
#............)#...g.¤~
#....######..)#g.....¤
#....# ###@'g[....~
##¤#¤## #.)g.....¤ #.¤¤##
###......¤ #.#¤#.###
......~
..¤._¤¤..#########.......
.#¤#¤#.#....##...##......
.[#¤¤.#...........##.....
#..#¤#....######...##....
#..>....### #####


You could see a gnoll sergeant and 3 gnolls.

Vanquished Creatures
  A steam dragon (D:5)
  An ogre (D:5)
  2 gnoll sergeants (D:5)
  A scorpion (D:5)
  6 killer bees (D:5)
  7 hounds
  3 orc priests (D:6)
  Jessica (D:3)
  3 orc wizards (D:6)
  Ijyb (D:5)
  10 gnolls
  5 adders
  A white imp (D:5)
  An ufetubus (D:6)
  5 dart slugs
  12 orcs (D:6)
  6 bats
  2 endoplasms (D:4)
  2 giant cockroaches (D:2)
  6 goblins
  5 hobgoblins
  2 jackals (D:4)
  5 kobolds
  A quokka (D:2)
  3 ball pythons
  7 frilled lizards
  6 rats
105 creatures vanquished.

Notes
Turn   | Place    | Note
-------+----------+-------------------------------------------
     0 | D:1      | qw the Gargoyle Berserker began the quest for the Orb.
     0 | D:1      | Reached XP level 1. HP: 14/14 MP: 1/1
     0 | D:1      | 0 ||| qw: Version: 0.1-a-103-gd6f5d3a
     0 | D:1      | 0 ||| qw: Game counter: 5771
     0 | D:1      | 0 ||| qw: Always use a shield: true
     0 | D:1      | 0 ||| qw: Do Orc after D:15 true
     0 | D:1      | 0 ||| qw: Do second Lair branch before Depths: true
     0 | D:1      | 0 ||| qw: Lair rune preference: random
     0 | D:1      | 0 ||| qw: Plans: Normal
     0 | D:1      | 0 ||| PLANNING D:1-11
   108 | D:1      | Reached skill level 3 in Axes
   118 | D:1      | 118 ||| INVOKING Berserk.
   343 | D:1      | Reached XP level 2. HP: 17/19 MP: 2/2
   383 | D:1      | 383 ||| Stepping ~*~*~tactically~*~*~ (hiding).
   385 | D:1      | 385 ||| Stepping ~*~*~tactically~*~*~ (hiding).
   850 | D:1      | Found a faded altar of an unknown god.
   935 | D:1      | 935 ||| DROPPING +0 club.
  1114 | D:1      | Reached XP level 3. HP: 21/23 MP: 3/3
  1352 | D:1      | 1352 ||| UPGRADING to +0 pair of boots.
  1357 | D:1      | 1357 ||| READING scroll labelled PEITOPNILI.
  1410 | D:2      | 1410 ||| STAIRDANCE
  2150 | D:2      | 2150 ||| Stepping ~*~*~tactically~*~*~ (stealth).
  2178 | D:2      | 2178 ||| Stepping ~*~*~tactically~*~*~ (hiding).
  2188 | D:2      | Reached skill level 4 in Axes
  2354 | D:2      | 2354 ||| UPGRADING to +0 ring mail.
  2364 | D:2      | 2364 ||| DROPPING +0 animal skin.
  2365 | D:2      | 2365 ||| UPGRADING to +0 pair of gloves.
  2370 | D:2      | 2370 ||| UPGRADING to amulet of reflection.
  2375 | D:2      | 2375 ||| DROPPING ring of magical power.
  2376 | D:2      | 2376 ||| UPGRADING to ring of protection from fire.
  2377 | D:2      | 2377 ||| READING scroll labelled MAROSAWYOS.
  2378 | D:2      | 2378 ||| READING 2 scrolls labelled QOAPSU ROSUN.
  2379 | D:2      | 2379 ||| READING 2 scrolls labelled PATZUO AMAY.
  2384 | D:2      | 2384 ||| READING 3 scrolls labelled TUFOARUYGG.
  2385 | D:2      | 2385 ||| DROPPING 2 scrolls of fear.
  2426 | D:3      | Found a sacrificial altar of Ru.
  2487 | D:3      | Noticed Jessica
  2491 | D:3      | Killed Jessica
  2492 | D:3      | Reached XP level 4. HP: 23/28 MP: 4/4
  2647 | D:3      | 2647 ||| INVOKING Berserk.
  2865 | D:3      | Found a runed translucent door.
  2866 | D:3      | Noticed Crazy Yiuf
  2969 | D:3      | Reached skill level 5 in Axes
  2985 | D:3      | Reached XP level 5. HP: 26/33 MP: 5/5
  3132 | D:3      | Found an ancient bone altar of Kikubaaqudgha.
  3332 | D:3      | 3332 ||| DROPPING amulet of regeneration.
  3333 | D:3      | 3333 ||| READING scroll labelled DEIL COGIABITS.
  3334 | D:3      | 3334 ||| DRINKING 2 yellow potions.
  3335 | D:3      | 3335 ||| READING 3 scrolls of identify.
  3335 | D:3      | 3335 ||| IDENTIFYING smoky clear potion
  3336 | D:3      | 3336 ||| READING 2 scrolls of identify.
  3336 | D:3      | 3336 ||| IDENTIFYING bubbling black potion
  3548 | D:4      | 3548 ||| Stepping ~*~*~tactically~*~*~ (hiding).
  3559 | D:4      | Reached ** piety under Trog
  3566 | D:4      | Found a staircase to the Ecumenical Temple.
  3606 | D:4      | Found Anoaniukh's Weapon Emporium.
  3614 | D:4      | 3614 ||| BUYING +0 flail of holy wrath (83 gold).
  3614 | D:4      | Bought a +0 flail of holy wrath for 83 gold pieces
  3614 | D:4      | 3614 ||| BUYING +0 war axe (35 gold).
  3614 | D:4      | Bought a +0 war axe for 35 gold pieces
  3614 | D:4      | 3614 ||| SWAPPING to +0 war axe.
  3615 | D:4      | 3615 ||| DROPPING +0 whip.
  3616 | D:4      | 3616 ||| DROPPING +0 hand axe.
  3724 | D:4      | You fall into a shaft and drop 1 floor!
  3724 | D:5      | Entered Level 5 of the Dungeon
  3750 | D:5      | 3750 ||| Stepping ~*~*~tactically~*~*~ (hiding).
  3752 | D:5      | 3752 ||| Stepping ~*~*~tactically~*~*~ (hiding).
  3882 | D:5      | Reached XP level 6. HP: 38/38 MP: 6/6
  3899 | D:5      | 3899 ||| DROPPING amulet of the acrobat.
  3900 | D:5      | 3900 ||| READING scroll labelled UTTUUCZ UFISMO.
  3901 | D:5      | 3901 ||| READING scroll labelled DIHEOSHR GOBBUV.
  3902 | D:5      | 3902 ||| READING scroll labelled FAWUTI NIRO.
  3903 | D:5      | 3903 ||| READING 3 scrolls of identify.
  3903 | D:5      | 3903 ||| IDENTIFYING murky amethyst potion
  3904 | D:5      | 3904 ||| READING 2 scrolls of identify.
  3904 | D:5      | 3904 ||| IDENTIFYING pink potion
  3905 | D:5      | 3905 ||| DROPPING potion of berserk rage.
  4254 | D:4      | Found a glowing silver altar of Zin.
  4254 | D:4      | Noticed an angel
  4370 | D:4      | 4370 ||| UPGRADING to +0 helmet.
  4375 | D:4      | 4375 ||| UPGRADING to +0 scale mail.
  4385 | D:4      | 4385 ||| DROPPING +0 ring mail.
  4386 | D:4      | 4386 ||| READING scroll labelled ITSUTO PECREFAC.
  4488 | D:5      | 4488 ||| INVOKING Berserk.
  4494 | D:5      | Reached skill level 6 in Axes
  4784 | D:5      | 4784 ||| Stepping ~*~*~tactically~*~*~ (stealth).
  4791 | D:5      | Reached XP level 7. HP: 26/43 MP: 7/7
  4793 | D:5      | 4793 ||| INVOKING Berserk.
  4796 | D:5      | Reached skill level 7 in Axes
  4997 | D:5      | Noticed Ijyb
  4998 | D:5      | 4998 ||| Stepping ~*~*~tactically~*~*~ (hiding).
  5002 | D:5      | 5002 ||| INVOKING Berserk.
  5009 | D:5      | Killed Ijyb
  5010 | D:5      | Reached skill level 3 in Armour
  5180 | D:5      | Noticed a steam dragon
  5184 | D:5      | 5184 ||| INVOKING Berserk.
  5190 | D:5      | Killed a steam dragon
  5256 | D:5      | 5256 ||| Stepping ~*~*~tactically~*~*~ (hiding).
  5259 | D:5      | 5259 ||| Stepping ~*~*~tactically~*~*~ (hiding).
  5265 | D:5      | Reached XP level 8. HP: 49/49 MP: 8/8
  5531 | D:5      | 5531 ||| INVOKING Berserk.
  5534 | D:5      | Reached skill level 8 in Axes
  5781 | D:5      | 5781 ||| READING scroll of enchant armour.
  5781 | D:5      | 5781 ||| ENCHANTING +0 pair of gloves.
  5911 | D:5      | 5911 ||| UPGRADING to +0 buckler.
  5916 | D:5      | 5916 ||| READING scroll labelled EXOMOP URUHAOP.
  5917 | D:5      | 5917 ||| READING scroll labelled SUV YCZEN DAL.
  5972 | D:6      | Reached skill level 1 in Shields
  5973 | D:6      | 5973 ||| DRINKING potion of curing.
  5973 | D:6      | 5973 ||| (to cure confusion)
  5993 | D:6      | Found a shadowy altar of Dithmenos.
  6036 | D:6      | Found a hide-covered altar of Uskayaw.
  6093 | D:6      | 6093 ||| INVOKING Berserk.
  6302 | D:6      | Reached skill level 3 in Shields
  6324 | D:6      | 6324 ||| Stepping ~*~*~tactically~*~*~ (stealth).
  6337 | D:6      | 6337 ||| Stepping ~*~*~tactically~*~*~ (hiding).
  6340 | D:6      | 6340 ||| INVOKING Berserk.
  6362 | D:6      | 6362 ||| Stepping ~*~*~tactically~*~*~ (stealth).
  6365 | D:6      | 6365 ||| Stepping ~*~*~tactically~*~*~ (stealth).
  6377 | D:6      | 6377 ||| FLEEEEING.
  6380 | D:6      | 6380 ||| Stepping ~*~*~tactically~*~*~ (stealth).
  6383 | D:6      | 6383 ||| Stepping ~*~*~tactically~*~*~ (stealth).
  6395 | D:6      | 6395 ||| INVOKING Berserk.
  6396 | D:6      | HP: 17/76 [gnoll/+0 spear[a gnoll sergeant] (3)]
  6398 | D:6      | HP: 8/76 [gnoll/+0 spear[a gnoll sergeant] (3)]
  6400 | D:6      | Slain by a gnoll sergeant

Levels and vault maps discovered:
D:1:      sevenhm_arrival_forest_fort_large_2, layout_loops_corners,
          ebering_ecumenical_altar_sacrificial
D:2:      layout_loops_corners
D:3:      layout_basic, mainiacjoe_overflow_alcove_1,
          mainiacjoe_overflow_six_doors_small, uniq_jessica,
          uniq_crazy_yiuf_cottage
D:4:      layout_basic, zin_angel, minmay_temple_entry_ruins, serial_shops,
          shop, nrook_mini_vaults
D:5:      layout_gridville, lightli_minifort, uniq_ijyb
D:6:      layout_layer_cave, lemuel_round_altar,
          grunt_dithmenos_smoke_and_mirrors, kennysheep_big_empty_room

Skill      XL: |  1  2  3  4  5  6  7  8 |
---------------+-------------------------+-----
Axes           | 3 4 5 6 7 8 |  8.1
Fighting       | 4 5 |  5.6
Armour         | 3 |  3.1
Shields        | 3 |  3.0
Throwing       | |  0.3
Dodging        | |  1.5

Action                   |  1- 3 |  4- 6 |  7- 9 || total
-------------------------+-------+-------+-------++-------
Melee: Hand axe          |   115 |    60 |       ||   175
       Punch             |     1 |       |     1 ||     2
       War axe           |       |    57 |   115 ||   172
Throw: Boomerang         |       |       |     2 ||     2
Invok: Berserk           |     1 |     2 |     7 ||    10
  Use: Scroll            |     5 |     9 |     3 ||    17
       Potion            |       |     1 |     1 ||     2
Armor: Animal skin       |    30 |       |       ||    30
       Ring mail         |     2 |    42 |       ||    44
       Scale mail        |       |    23 |    76 ||    99
Dodge: Dodged            |    68 |    54 |    60 ||   182
Block: Other             |       |    25 |    21 ||    46
       Reflection        |       |     2 |     1 ||     3
       Buckler           |       |       |    35 ||    35

Table legend:
 A = Non-vault XP
 B = Vault XP
 C = Vault XP percentage of total XP
 D = Non-vault monster count
 E = Vault monster count
 F = Vault count percentage of total count
                 A         B        C        D         E       F
            +---------+---------+-------+---------+---------+-------
      Total |    1634 |     227 |  12.2 |      97 |       8 |   7.6
            +---------+---------+-------+---------+---------+-------
        D:1 |      36 |       0 |   0.0 |      21 |       0 |   0.0
        D:2 |      22 |       0 |   0.0 |      12 |       0 |   0.0
        D:3 |     109 |      37 |  25.3 |      12 |       1 |   7.7
        D:4 |     105 |       0 |   0.0 |      12 |       0 |   0.0
        D:5 |     974 |     190 |  16.3 |      17 |       7 |  29.2
        D:6 |     388 |       0 |   0.0 |      23 |       0 |   0.0
            +---------+---------+-------+---------+---------+-------
